 Dungeon Crawl Stone Soup version 0.27-a0-1319-geec4fb4e21 (webtiles) character file.

Game seed: 14204255815188867120

375 pkoi the Slasher (level 6, -7/52 HPs)
             Began as a Minotaur Gladiator on June 22, 2021.
             Was a Follower of Makhleb.
             Mangled by a vampire (9 damage)
             ... on level 5 of the Dungeon.
             The game lasted 00:03:44 (3442 turns).

pkoi the Slasher (Minotaur Gladiator)               Turns: 3442, Time: 00:03:44

Health: -7/52      AC:  7    Str: 26 (27) XL:     6   Next: 44%
Magic:  6/6        EV: 12    Int:  7      God:    Makhleb [*.....]
Gold:   141        SH:  0    Dex: 11      Spells: 5/5 levels left

rFire    + . .     SeeInvis .   a - +0 long sword
rCold    . . .     Faith    .   (no shield)
rNeg     . . .     Spirit   .   p - +2 ring mail {rF+}
rPois    +         Reflect  .   c - +0 hat
rElec    .         Harm     .   (no cloak)
rCorr    .         Rampage  .   (no gloves)
Will     .....                  (no boots)
Stlth    +.........             j - amulet of the acrobat
HPRegen  0.17/turn              f - +6 ring of strength
MPRegen  0.10/turn              o - ring of poison resistance

@: no status effects
A: horns 2, retaliatory headbutt, clever 1, deterioration 1, MP-powered wands
a: Renounce Religion


You were on level 5 of the Dungeon.
You worshipped Makhleb.
Makhleb was aware of your devotion.
You visited 1 branch of the dungeon, and saw 5 of its levels.

You collected 141 gold pieces.

Inventory:

Hand Weapons
 a - a +0 long sword (weapon)
 i - a +2 short sword of venom
Missiles
 d - 3 throwing nets (quivered)
 r - 14 poisoned darts
Armour
 b - a +0 leather armour
 c - a +0 hat (worn)
 p - a +2 ring mail of fire resistance (worn)
Jewellery
 f - a +6 ring of strength (left hand)
 j - an amulet of the acrobat (around neck)
 l - a ring of fire
 o - a ring of poison resistance (right hand)
 u - an amulet of guardian spirit
Scrolls
 n - a scroll of enchant armour {unknown}
 s - 2 scrolls of amnesia {unknown}
 t - a scroll of vulnerability {unknown}
Potions
 e - 3 potions of curing
 g - a potion of magic
 h - a potion of lignification
 k - a potion of degeneration {unknown}
 m - a potion of flight {unknown}
 q - a potion of ambrosia {unknown}


   Skills:
 + Level 4.0 Fighting
 + Level 6.0 Long Blades
 - Level 2.0 Throwing
 + Level 2.8 Armour
 + Level 4.3 Dodging
 + Level 2.4 Invocations


You had 5 spell levels left.
You didn't know any spells.
Your spell library contained the following spells:

 Spells                   Type           Power      Damage    Failure   Level
 Animate Skeleton         Necr           0%         N/A       56%         1
 Freeze                   Ice            0%         1d3       56%         1
 Pain                     Necr           0%         1d4       56%         1
 Frozen Ramparts          Ice            0%         1d2       90%         3
 Ozocubu's Armour         Ice            0%         N/A       90%         3
 Vampiric Draining        Necr           0%         2d6       90%         3
 Animate Dead             Necr           0%         N/A       100%        4
 Hailstorm                Conj/Ice       0%         3d3       100%        4
 Agony                    Necr           0%         N/A       100%        5
 Metabolic Englaciation   Hex/Ice        0%         N/A       100%        5


Dungeon Overview and Level Annotations

Branches:
Dungeon (5/15)
 Temple: D:4-7

Altars:
Dithmenos
Hepliaklqana
Makhleb
Vehumet
Xom

Shops:
D:2 =


Innate Abilities, Weirdness & Mutations

You have a pair of horns on your head.
You reflexively headbutt those who attack you in melee.
Your mind is acute. (Int +2)
Your body sometimes deteriorates upon taking damage.
You expend magic power (3 MP) to strengthen your wands.


Message History

There is a stone staircase leading up here.
A vampire is nearby!
A vampire is nearby!
A vampire is nearby!
Your +2 short sword of venom stops dripping with poison.
a - a +0 long sword (weapon)
You barely miss the vampire.
You headbutt the vampire, but do no damage.
The vampire closely misses you. The vampire barely misses you.
You hit the vampire.
The vampire is lightly damaged.
The vampire hits you. The vampire barely misses you.
You hit the vampire but do no damage. You headbutt the vampire!
The vampire is moderately damaged.
The vampire hits you. The vampire completely misses you.
You hit the vampire but do no damage. You headbutt the vampire!
The vampire is heavily damaged.
The vampire casts a spell.
The vampire flickers and vanishes!
Deactivating autopickup; reactivate with Ctrl-A.
You barely miss something. You headbutt something. Something hits you!
Something bites you.
Something draws strength from your injuries!
Something draws life force from you!!
You closely miss something. Something hits you but does no damage.
Something bites you.
Something draws strength from your injuries!
You miss something. You headbutt something! Something hits you!
* * * LOW HITPOINT WARNING * * *
Your body deteriorates!
You feel weakened. Something bites you.
* * * LOW HITPOINT WARNING * * *
Something draws strength from your injuries!
You closely miss something. Something hits you.
* * * LOW HITPOINT WARNING * * *
Something bites you.
* * * LOW HITPOINT WARNING * * *
Something draws strength from your injuries!
You miss something. Something barely misses you. Something bites you!
You die...

.......##
.......#
#......#
##......#
.......#
#.....## ...
#...{..#....
######..@.......
#....#....###..#
#.........#
#.##.<....#
......#.........
..... #..##..#.#
.... .... .## #
..# .#...... .
.##..#..##


There were no monsters in sight!

Vanquished Creatures
  A phantom (D:4)
  A howler monkey (D:4)
  A hound (D:4)
  An orc priest (D:4)
  Terence (D:3)
  An iguana (D:4)
  An orc wizard (D:4)
  A hound skeleton (D:4)
  2 adders
  2 ufetubi (D:4)
  2 adder skeletons (D:4)
  A dart slug (D:3)
  2 worms
  11 orcs
  2 bats (D:1)
  3 endoplasms
  2 giant cockroaches
  6 goblins
  4 hobgoblins
  3 jackals (D:1)
  8 kobolds
  A quokka (D:1)
  7 ball pythons
  4 frilled lizards
  6 rats
74 creatures vanquished.

Notes
Turn   | Place    | Note
-------+----------+-------------------------------------------
     0 | D:1      | pkoi the Minotaur Gladiator began the quest for the Orb.
     0 | D:1      | Reached XP level 1. HP: 18/18 MP: 0/0
   113 | D:1      | Reached skill level 4 in Long Blades
   219 | D:1      | Reached XP level 2. HP: 25/25 MP: 1/1
   370 | D:1      | Found a faded altar of an unknown god.
   613 | D:1      | Reached skill level 5 in Long Blades
   933 | D:2      | Found a burning altar of Makhleb.
   941 | D:2      | Became a worshipper of Makhleb the Destroyer
   977 | D:2      | Reached XP level 3. HP: 28/30 MP: 2/2
  1567 | D:2      | Found Dent's Jewellery Boutique.
  1914 | D:3      | Noticed Terence
  1931 | D:3      | Gained mutation: You expend magic power (3 MP) to
                  | strengthen your wands. [potion of mutation]
  1931 | D:3      | Gained mutation: Your body sometimes deteriorates upon
                  | taking damage. [potion of mutation]
  1931 | D:3      | Gained mutation: Your mind is acute. (Int +2) [potion of
                  | mutation]
  1942 | D:3      | Killed Terence
  1943 | D:3      | Reached skill level 1 in Invocations
  2052 | D:3      | Found a shimmering altar of Xom.
  2052 | D:3      | Found a radiant altar of Vehumet.
  2053 | D:3      | Found a shadowy altar of Dithmenos.
  2142 | D:3      | Reached XP level 4. HP: 37/37 MP: 3/3
  2277 | D:3      | Reached skill level 1 in Armour
  2673 | D:4      | Reached XP level 5. HP: 45/45 MP: 5/5
  2702 | D:4      | Reached * piety under Makhleb
  3004 | D:4      | Noticed a phantom
  3020 | D:4      | Killed a phantom
  3021 | D:4      | Reached XP level 6. HP: 21/52 MP: 6/6
  3357 | D:4      | Found a hazy altar of Hepliaklqana.
  3411 | D:4      | Reached skill level 6 in Long Blades
  3429 | D:5      | Entered Level 5 of the Dungeon
  3429 | D:5      | Noticed a vampire
  3441 | D:5      | HP: 2/52 [something (5)]
  3442 | D:5      | Mangled by a vampire

Illustrated notes

Levels and vault maps discovered:
D:1:      scummos_arrival_forest, layout_loops_ring,
          hellmonk_ecumenical_altar_leap_of_faith, nrook_loot_triangle
D:2:      minmay_wonky_spiral, layout_loops_corners, serial_shops, shop,
          basic_altar
D:3:      layout_basic, gammafunk_temple_overflow_claw, uniq_terence
D:4:      layout_rooms, worldfamousw_hep_ancestral_shrine
D:5:      layout_cave_pools, serial_shops, shop, uniq_ijyb, uniq_sigmund,
          uniq_grinder

Skill      XL: |  1  2  3  4  5  6 |
---------------+-------------------+-----
Long Blades    | 4 5 6 |  6.0
Invocations    | 1 2 |  2.4
Armour         | 1 2 |  2.8
Fighting       | 3 4 |  4.0
Dodging        | 4 |  4.3
Throwing       | |  2.0

Action                   |  1- 3 |  4- 6 || total
-------------------------+-------+-------++-------
Melee: Long sword        |    53 |    85 ||   138
       Headbutt          |     8 |    27 ||    35
       Short sword       |       |     6 ||     6
  Use: Potion            |     2 |       ||     2
       Scroll            |     1 |       ||     1
 Stab: Sleeping          |     1 |       ||     1
Armor: Leather armour    |     9 |       ||     9
       Skin              |     6 |       ||     6
       Ring mail         |       |    22 ||    22
Dodge: Dodged            |    36 |    69 ||   105
       Rpst.: Long sword |     7 |    16 ||    23

Table legend: (Time is in decaauts)
 A = Elapsed time spent in this place.
 B = Non-inter-level travel time spent in this place.
 C = Inter-level travel time spent in this place.
 D = Time resting spent in this place.
 E = Time spent auto-exploring this place.
 F = Levels seen in this place.
 G = Mean time per level.
                   A        B        C        D        E       F      G
               +--------+--------+--------+--------+--------+-----+--------+
         Total |   3456 |   3396 |     60 |    304 |   2575 |   5 |  691.2 |
       Dungeon |   3456 |   3396 |     60 |    304 |   2575 |   5 |  691.2 |
               +--------+--------+--------+--------+--------+-----+--------+

Top non-repeatable levels by time:
     D:2: 1062 daAuts
     D:4: 871 daAuts
     D:1: 778 daAuts
     D:3: 731 daAuts
     D:5: 13 daAuts
